 Dungeon Sprint DCSS version 0.27.0-1-g7a089689b8 (webtiles) character file.

Game seed: 7368084517594614239

7000 SkeletonJelly the Fencer (level 10, 0/104 HPs)
             Began as a Black Draconian Monk on Aug 16, 2021.
             Was a High Priest of Okawaru.
             Slain by a catoblepas (25 damage)
             ... in the Dungeon (Sprint IX: "|||||||||||||||||||||||||||||").
             The game lasted 00:06:23 (2387 turns).

SkeletonJelly the Fencer (Black Draconian Monk)     Turns: 2387, Time: 00:06:23

Health: 0/104      AC:  9    Str: 13    XL:     10   Next: 82%
Magic:  15/17      EV: 21    Int: 18    God:    Okawaru [*****.]
Gold:   0          SH:  5    Dex: 16    Spells: 9/9 levels left

rFire    . . .     SeeInvis .   k - +2 scimitar (flame)
rCold    . . .     Faith    .   (no shield)
rNeg     . . .     Spirit   .   (armour unavailable)
rPois    .         Reflect  +   (helmet restricted)
rElec    +         Harm     .   l - +0 cloak
rCorr    .         Rampage  .   (no gloves)
Will     .....     NoTele   +   u - +0 pair of boots {Stlth+}
Stlth    ++++......             p - amulet of reflection
HPRegen  0.27/turn              m - +3 ring of intelligence
MPRegen  0.15/turn              n - +3 ring of intelligence

@: heroic, finesse-ful
A: breathe lightning, AC +7, unfitting armour, electricity resistance,
cold-blooded
a: Breathe Lightning, Renounce Religion, Heroism, Finesse


You were in the Dungeon.
You worshipped Okawaru.
Okawaru was extremely pleased with you.
You visited 1 branch

Inventory:

Hand Weapons
 a - a +0 falchion
 g - a +3 great sword of holy wrath
 j - a +2 rapier of distortion
 k - a +2 scimitar of flaming (weapon)
Armour
 l - a +0 cloak (worn)
 u - a +0 pair of boots of stealth (worn)
Jewellery
 m - a +3 ring of intelligence (left hand)
 n - a +3 ring of intelligence (right hand)
 p - an amulet of reflection (around neck)
Wands
 i - a wand of iceblast (10)
Scrolls
 h - 2 scrolls of amnesia
 q - a scroll of fear
 r - 4 scrolls of enchant armour
 s - 2 scrolls of enchant weapon
 t - a scroll of identify
Potions
 b - 7 potions of curing
 c - 4 potions of heal wounds
 d - 2 potions of haste
 e - 4 potions of magic
 f - a potion of invisibility
 o - 2 potions of resistance


   Skills:
 + Level 14.8(19.8) Fighting
 * Level 16.3(21.3) Long Blades
 + Level 11.2(16.2) Dodging
 - Level 1.7(6.7) Stealth
 - Level 10.0 Invocations


You had 9 spell levels left.
You didn't know any spells.
Your spell library was empty.

Dungeon Overview and Level Annotations

Branches:
Dungeon (1/1)

Altars:
Cheibriados
Dithmenos
Elyvilon
Fedhas
Gozag
Hepliaklqana
Kikubaaqudgha
Makhleb
Nemelex Xobeh
Okawaru
Qazlal
Ru
Sif Muna
Trog
Uskayaw
Vehumet
Wu Jian
Xom
Yredelemnul
Zin
The Shining One
Beogh
Jiyva
Lugonu


Innate Abilities, Weirdness & Mutations

You can breathe wild blasts of lightning.
Your glossy black scales are hard. (AC +7)
You cannot fit into any form of body armour.
You are resistant to electric shocks. (rElec)
You are cold-blooded and may be slowed by cold attacks.


Message History

You hit the death yak but do no damage.
The death yak is severely wounded.
You are engulfed in calcifying dust.
Your limbs have turned to stone.
The death yak is engulfed in calcifying dust.
The death yak stops moving altogether!
You have turned to stone.
You are engulfed in calcifying dust.
The catoblepas breathes a plume of calcifying dust at you.
The blast of calcifying dust hits the death yak but does no damage.
The blast of calcifying dust hits you.
The death yak is engulfed in calcifying dust.
You are engulfed in calcifying dust.
The death yak is engulfed in calcifying dust.
The death yak is engulfed in calcifying dust.
The catoblepas breathes a plume of calcifying dust at you.
The blast of calcifying dust hits the death yak but does no damage.
The blast of calcifying dust hits you but does no damage.
The yak snorts and paws the ground.
The death yak is engulfed in calcifying dust.
You are engulfed in calcifying dust.
The death yak is engulfed in calcifying dust.
You are engulfed in calcifying dust.
You have got your breath back.
The death yak is no longer petrified.
The catoblepas breathes a plume of calcifying dust at you.
The blast of calcifying dust hits the death yak.
The blast of calcifying dust hits you.
The death yak is engulfed in calcifying dust.
The death yak is moving more slowly.
The death yak gores you!
You are engulfed in calcifying dust.
The death yak is engulfed in calcifying dust.
The death yak stops moving altogether!
The death yak is engulfed in calcifying dust. x2
You turn to flesh and can move again.
Unknown command.
Unknown command.
Unknown command.
The helpless death yak fails to defend itself.
You open the death yak like a pillowcase!!!
You burn the death yak.
The death yak is almost dead.
The catoblepas breathes a plume of calcifying dust at you.
The blast of calcifying dust hits the death yak.
The blast of calcifying dust hits you.
The helpless death yak fails to defend itself.
You hit the death yak but do no damage.
The death yak is almost dead.
You are engulfed in calcifying dust.
You are slowing down.
The death yak is engulfed in calcifying dust.
Unknown command.
Unknown command.
Unknown command.
Unknown command.
Unknown command.
The helpless death yak fails to defend itself.
You slice the death yak!! You burn the death yak.
You kill the death yak!
Okawaru is honoured by your kill.
You are engulfed in calcifying dust.
The catoblepas breathes a plume of calcifying dust at you.
The blast of calcifying dust hits the catoblepas!
The blast of calcifying dust hits you but does no damage.
You hit the catoblepas. You burn the catoblepas.
The catoblepas is lightly wounded.
You are engulfed in calcifying dust.
Your limbs have turned to stone.
You have turned to stone.
You are engulfed in calcifying dust.
The catoblepas gores you but does no damage.
You are engulfed in calcifying dust.
The catoblepas gores you but does no damage.
You are engulfed in calcifying dust.
The catoblepas gores you.
You are engulfed in calcifying dust.
The catoblepas breathes a plume of calcifying dust at you.
The blast of calcifying dust hits you!
You are engulfed in calcifying dust.
The catoblepas breathes a plume of calcifying dust at you.
The blast of calcifying dust hits you but does no damage.
The catoblepas breathes a plume of calcifying dust at you.
The blast of calcifying dust hits the catoblepas but does no damage.
The blast of calcifying dust hits you.
The catoblepas gores you but does no damage.
You are engulfed in calcifying dust.
The catoblepas gores you!
* * * LOW HITPOINT WARNING * * *
You are engulfed in calcifying dust.
The catoblepas breathes a plume of calcifying dust at you.
The blast of calcifying dust hits the catoblepas but does no damage.
The blast of calcifying dust hits you but does no damage.
The catoblepas gores you!
* * * LOW HITPOINT WARNING * * *
You turn to flesh and can move again.
Unknown command.
Unknown command.
Unknown command.
Unknown command.
You hit the catoblepas but do no damage.
The catoblepas is lightly wounded.
You slash the catoblepas! You burn the catoblepas.
The catoblepas is moderately wounded.
The catoblepas gores you!!
You die...

▓▓▓▓▓▓▓▓▓▓▓▓▓▓▓▓▓▓▓▓▓▓▓▓▓▓▓▓▓▓▓▓▓
__________________'..)..[[.)'[...
▓▓▓▓▓▓▓▓▓▓▓▓▓▓▓▓▓▓▓▓▓▓▓▓▓▓▓▓▓▓▓▓▓
.................................
▓▓▓▓▓▓▓▓▓▓▓▓▓▓▓▓▓▓▓▓▓▓▓▓▓▓▓▓▓▓▓▓▓
÷.÷.....÷÷÷.§.§§@YY.YYYYY
▓▓▓▓▓▓▓▓▓▓▓▓▓▓▓▓▓▓▓▓▓▓▓▓▓


You could see 2 catoblepae.

Vanquished Creatures
  2 hydras (D)
  A death yak (D)
  A two-headed ogre (D)
  An ugly thing (D)
  2 cyclopes (D)
  A manticore (D)
  A cane toad (D)
  2 komodo dragons (D)
  A blink frog (D)
  2 wyverns (D)
  4 yaks (D)
  A wraith (D)
  An acid dragon (D)
  5 water moccasins (D)
  An ogre (D)
  A gnoll sergeant (D)
  A bullfrog (D)
  A scorpion (D)
  2 orc wizards (D)
  An adder (D)
  A white imp (D)
  An ufetubus (D)
  A dart slug (D)
  A goblin (D)
  2 ball python zombies (D)
  A frilled lizard (D)
  2 rats (D)
41 creatures vanquished.

Notes
Turn   | Place    | Note
-------+----------+-------------------------------------------
     0 | D        | SkeletonJelly the Draconian Monk began the quest for the
                  | Orb.
     0 | D        | Reached XP level 1. HP: 19/19 MP: 1/1
    84 | D        | Noticed an ogre
    90 | D        | Reached skill level 4 in Long Blades
    90 | D        | Reached XP level 2. HP: 21/28 MP: 2/2
    96 | D        | Reached skill level 5 in Fighting
    99 | D        | Killed an ogre
   100 | D        | Reached skill level 6 in Long Blades
   100 | D        | Reached XP level 3. HP: 6/39 MP: 3/3
   100 | D        | Reached XP level 4. HP: 7/47 MP: 4/4
   389 | D        | Found a snail-covered altar of Cheibriados.
   389 | D        | Found a shadowy altar of Dithmenos.
   389 | D        | Found a white marble altar of Elyvilon.
   389 | D        | Found a blossoming altar of Fedhas.
   389 | D        | Found an opulent altar of Gozag.
   390 | D        | Found a hazy altar of Hepliaklqana.
   391 | D        | Found a viscous altar of Jiyva.
   392 | D        | Found an ancient bone altar of Kikubaaqudgha.
   393 | D        | Found a corrupted altar of Lugonu.
   394 | D        | Found a burning altar of Makhleb.
   395 | D        | Found a sparkling altar of Nemelex Xobeh.
   396 | D        | Found an iron altar of Okawaru.
   397 | D        | Found a stormy altar of Qazlal.
   398 | D        | Found a sacrificial altar of Ru.
   399 | D        | Found a shimmering blue altar of Sif Muna.
   400 | D        | Found a bloodstained altar of Trog.
   401 | D        | Found a hide-covered altar of Uskayaw.
   402 | D        | Found a radiant altar of Vehumet.
   403 | D        | Found an ornate altar of the Wu Jian Council.
   406 | D        | Became a worshipper of Warmaster Okawaru
   406 | D        | Reached * piety under Okawaru
   406 | D        | Reached ** piety under Okawaru
   407 | D        | Found a shimmering altar of Xom.
   408 | D        | Found a basalt altar of Yredelemnul.
   409 | D        | Found a glowing silver altar of Zin.
   410 | D        | Found a glowing golden altar of the Shining One.
   444 | D        | Noticed a yak
   444 | D        | Noticed a gnoll sergeant
   444 | D        | Noticed a wraith
   449 | D        | Reached skill level 7 in Long Blades
   449 | D        | Reached skill level 1 in Invocations
   449 | D        | Reached XP level 5. HP: 43/53 MP: 5/5
   458 | D        | Killed a yak
   459 | D        | Reached skill level 8 in Long Blades
   459 | D        | Reached skill level 5 in Dodging
   459 | D        | Reached XP level 6. HP: 32/64 MP: 3/8
   467 | D        | Reached skill level 9 in Long Blades
   476 | D        | Killed a wraith
   476 | D        | Reached *** piety under Okawaru
   477 | D        | Reached skill level 10 in Fighting
   477 | D        | Your scales start taking on a glossy black colour.
   477 | D        | Reached XP level 7. HP: 12/73 MP: 3/10
   477 | D        | Gained mutation: You are resistant to electric shocks.
                  | (rElec) [Black Draconian growth]
   751 | D        | Noticed a cyan ugly thing
   751 | D        | Noticed a two-headed ogre
   751 | D        | Noticed a manticore
   751 | D        | Noticed a cyclops
   751 | D        | Noticed a cyclops
   764 | D        | Killed a cyan ugly thing
   764 | D        | Reached **** piety under Okawaru
   765 | D        | Reached skill level 10 in Long Blades
   766 | D        | Killed a two-headed ogre
   766 | D        | Reached ***** piety under Okawaru
   767 | D        | Reached skill level 11 in Long Blades
   767 | D        | Reached XP level 8. HP: 42/83 MP: 9/14
   770 | D        | Reached skill level 12 in Long Blades
  1046 | D        | Killed a manticore
  1046 | D        | Received a gift from Okawaru
  1047 | D        | Reached XP level 9. HP: 71/91 MP: 15/15
  1055 | D        | Killed a cyclops
  1376 | D        | Killed a cyclops
  1377 | D        | Reached skill level 13 in Long Blades
  1682 | D        | Noticed a komodo dragon
  1682 | D        | Noticed a six-headed hydra
  1692 | D        | Killed a komodo dragon
  1693 | D        | Reached skill level 10 in Invocations
  1697 | D        | Killed a one-headed hydra
  1698 | D        | Reached skill level 14 in Long Blades
  1700 | D        | Reached XP level 10. HP: 64/101 MP: 10/17
  1700 | D        | Noticed a cane toad
  1712 | D        | Reached skill level 10 in Dodging
  1722 | D        | Killed a cane toad
  2061 | D        | Noticed an eight-headed hydra
  2072 | D        | Reached skill level 15 in Long Blades
  2079 | D        | Killed a three-headed hydra
  2095 | D        | Received a gift from Okawaru
  2119 | D        | Reached skill level 16 in Long Blades
  2342 | D        | Noticed a death yak
  2342 | D        | Noticed a catoblepas
  2342 | D        | Noticed a catoblepas
  2342 | D        | Noticed a death yak
  2342 | D        | Noticed a catoblepas
  2355 | D        | Noticed a death yak
  2375 | D        | Killed a death yak
  2387 | D        | Slain by a catoblepas

Illustrated notes

Levels and vault maps discovered:
D:        linesprint [early_d, line_temple, items_1, d_10, items_2, lair_1,
          lair_end, items_3, orc_1, orc_end, items_4, d_15, swamp_1, shoals_1,
          snake_1, spider_1, d_20, vaults_1, items_5, swamp_end, shoals_end,
          snake_end, spider_end, vaults_end, d_27, items_6, zot_1, zot_end,
          crypt_end, forest_end, elf_end, slime_end, tomb_end, abyss_end,
          pan_hell_end]

Skill      XL: |  1  2  3  4  5  6  7  8  9 10 |
---------------+-------------------------------+-----
Fighting       | 4 7 9 10 12 13 14 | 14.8
Long Blades    | 4 6 7 8 9 11 12 14 16 | 16.3
Dodging        | 4 5 6 7 8 9 11 | 11.2
Invocations    | 1 3 4 8 10 | 10.0
Stealth        | |  1.7

Action                   |  1- 3 |  4- 6 |  7- 9 | 10-12 || total
-------------------------+-------+-------+-------+-------++-------
Melee: Falchion          |    26 |     7 |       |       ||    33
       Tailslap          |     3 |     2 |     6 |    11 ||    22
       Scimitar          |       |    28 |    40 |    78 ||   146
       Punch             |       |       |     1 |     5 ||     6
Invok: Heroism           |       |     2 |     3 |     2 ||     7
       Finesse           |       |       |     1 |     2 ||     3
 Abil: Breathe Lightning |       |       |     4 |     2 ||     6
  Use: Potion            |     1 |       |     1 |       ||     2
       Scroll            |       |       |     2 |       ||     2
 Stab: Sleeping          |     1 |       |       |       ||     1
       Petrified         |       |       |       |     5 ||     5
       Petrifying        |       |       |       |     1 ||     1
Armor: Skin              |     7 |     5 |     2 |    12 ||    26
Dodge: Dodged            |    12 |    23 |    22 |    24 ||    81
Block: Other             |       |       |       |     8 ||     8
       Rpst.: Falchion   |     2 |     1 |       |       ||     3
       Scimitar          |       |     6 |     5 |     9 ||    20
